[Event "Titled Tuesday Blitz July 4 Late 2023"]
[White "Porat, Tori"]
[Black "GAO"]
[WhiteFideId "30982626"]
[WhiteElo "1999"]
[BlackElo "2412"]
[Result "0-1"]
[Round "2"]
[TimeControl "180+2"]
[Date "2023.07.04"]
[WhiteClock "0:00:17"]
[BlackClock "0:00:24"]
[Board "191"]

1. d4 Nf6 2. c4 c6 3. Nc3 d5 4. cxd5 cxd5 5. Bf4 Nc6 6. e3 Bf5 7. a3 e6 8. Nf3 Bd6 9. Bg3 O-O 10. Bd3 Rc8 11. O-O Bxd3 12. Qxd3 a6 13. b4 Ne7 14. Bh4 Nf5 15. Bg5 h6 16. Bxf6 Qxf6 17. e4 Nh4 18. Nxh4 Qxh4 19. e5 Be7 20. Ne2 Rc4 21. Rac1 Rfc8 22. Rxc4 Rxc4 23. Rc1 b5 24. h3 Bg5 25. Rd1 Bd8 26. Ng3 Qf4 27. Ne2 Qg5 28. Ng3 Qe7 29. Nh5 Qg5 30. Ng3 g6 31. Nf1 Qe7 32. Ne3 Rc6 33. Ng4 Qf8 34. Qe3 Kh7 35. Kh2 Bg5 36. f4 Be7 37. Rd3 h5 38. Nf6+ Bxf6 39. exf6 Qd8 40. Qe5 Qc7 41. Kg3 Rc3 42. Qxc7 Rxc7 43. Kf3 Rc2 44. g4 Rh2 45. Kg3 Rc2 46. gxh5 gxh5 47. Kh4 Kg6 48. Rg3+ Kxf6 49. Rd3 Rh2 50. Kg3 Rh1 51. Kg2 Re1 52. Kg3 Re4 53. Kf3 Kf5 54. Kg3 Rxf4 55. h4 Rg4+ 56. Kh3 Ke4 57. Rd2 Ke3 58. Rd1 Rxd4 59. Rxd4 Kxd4 60. Kg3 e5 61. Kf3 f5 62. Ke2 e4 63. Kd2 Ke5 64. Ke2 d4 65. Kd2 f4 66. Ke2 Kf5 67. Ke1 Kg4 68. a4 bxa4 69. b5 axb5 70. Ke2 Kxh4 71. Kf2 Kg4 72. Ke2 h4 73. Kd2 b4 74. Ke2 h3 75. Kf2 a3 76. Kg1 a2 77. Kh2 b3 78. Kg1 a1=Q+ 79. Kh2 Qb2+ 80. Kh1 Qg2# 0-1


[Site "https://www.chess.com"]

[Event "Titled Tuesday Blitz July 4 Late 2023"]
[White "Szyszylo, Rafal"]
[Black "Lutz, Igor Oscar"]
[WhiteFideId "1109626"]
[BlackFideId "2110806"]
[WhiteElo "2409"]
[BlackElo "1975"]
[Result "1-0"]
[Round "2"]
[TimeControl "180+2"]
[Date "2023.07.04"]
[WhiteClock "0:00:47"]
[BlackClock "0:00:06"]
[Board "192"]

1. e4 c5 2. Nc3 Nc6 3. Bb5 Nd4 4. Nf3 Nxb5 5. Nxb5 a6 6. Nc3 b6 7. d4 cxd4 8. Qxd4 Bb7 9. Be3 b5 10. e5 Rc8 11. O-O-O Rc4 12. Qa7 Qa8 13. Qb6 Qc8 14. Rd2 e6 15. Rhd1 Bc6 16. Bd4 Be7 17. b3 Bd8 18. Qa7 Rxc3 19. Bxc3 Bxf3 20. gxf3 Ne7 21. Qxd7+ Qxd7 22. Rxd7 Nd5 23. R1xd5 exd5 24. Rxd5 Bg5+ 25. Kb2 Ke7 26. Bb4+ Ke6 27. Rd6+ Kxe5 28. Rxa6 Rc8 29. Ra5 Kf4 30. Rxb5 Bf6+ 31. c3 Rd8 32. Kc2 Re8 33. Bd6+ Kxf3 34. Rf5+ Kg2 35. Kd3 Re1 36. Bg3 Rd1+ 37. Kc4 Rc1 38. Rxf6 gxf6 39. a4 Kf3 40. a5 Ke4 41. b4 Ra1 42. Kb5 f5 43. Bd6 f4 44. a6 f3 45. Bc5 Kd3 46. c4 Rc1 47. a7 Ra1 48. Be3 Kc3 49. c5 Kb3 50. c6 1-0


[Site "https://www.chess.com"]

[Event "Titled Tuesday Blitz July 4 Late 2023"]
[White "Sainz Aguirre, Ignacio"]
[Black "Melikhov, Evgeny V."]
[WhiteFideId "5101727"]
[BlackFideId "4122046"]
[WhiteElo "1946"]
[BlackElo "2409"]
[Result "0-1"]
[Round "2"]
[TimeControl "180+2"]
[Date "2023.07.04"]
[WhiteClock "0:00:00"]
[BlackClock "0:01:44"]
[Board "193"]

1. e4 c5 2. Nf3 d6 3. Bb5+ Nd7 4. c3 a6 5. Ba4 b5 6. Bc2 Bb7 7. O-O e6 8. Re1 g5 9. d4 g4 10. Nfd2 h5 11. Nf1 Bh6 12. Nbd2 Ngf6 13. a4 Qc7 14. axb5 axb5 15. Rxa8+ Bxa8 16. d5 h4 17. dxe6 fxe6 18. e5 Nxe5 19. Rxe5 dxe5 20. Bg6+ Ke7 21. Ne3 Bxe3 22. fxe3 h3 23. g3 Qc6 0-1


[Site "https://www.chess.com"]

[Event "Titled Tuesday Blitz July 4 Late 2023"]
[White "Carrasco Miranda, Andres"]
[Black "Burke, Paul"]
[WhiteFideId "3405990"]
[BlackFideId "2605767"]
[WhiteElo "2408"]
[BlackElo "1929"]
[Result "1-0"]
[Round "2"]
[TimeControl "180+2"]
[Date "2023.07.04"]
[WhiteClock "0:01:43"]
[BlackClock "0:01:53"]
[Board "194"]

1. d4 a6 2. a4 d6 3. g3 g6 4. Bg2 h6 5. Nf3 Bg7 6. O-O Bd7 7. c4 Nf6 8. Nc3 O-O 9. a5 Qc8 10. e4 Bh3 11. Re1 Bxg2 12. Kxg2 Nbd7 13. e5 Nh7 14. e6 fxe6 15. Rxe6 Ne5 16. Rxe5 dxe5 17. dxe5 Qf5 18. Nd5 Rae8 19. Nxc7 Bxe5 20. Nxe8 Rxe8 21. Qd5+ e6 22. Qxe5 Qc2 23. Bxh6 1-0


[Site "https://www.chess.com"]

[Event "Titled Tuesday Blitz July 4 Late 2023"]
[White "Carlsen, Magnus"]
[Black "Morefield, Jason"]
[WhiteFideId "1503014"]
[BlackFideId "30920825"]
[WhiteElo "3252"]
[BlackElo "2756"]
[Result "1-0"]
[Round "3"]
[TimeControl "180+2"]
[Date "2023.07.04"]
[WhiteClock "0:02:25"]
[BlackClock "0:00:09"]
[Board "1"]

1. e4 e5 2. Nf3 Nc6 3. Bb5 Nf6 4. d4 exd4 5. O-O Nxe4 6. Re1 d5 7. Nxd4 Bd6 8. Nxc6 Bxh2+ 9. Kh1 bxc6 10. Bxc6+ Kf8 11. Rxe4 Be6 12. Bxa8 1-0


[Site "https://www.chess.com"]

[Event "Titled Tuesday Blitz July 4 Late 2023"]
[White "Erigaisi Arjun"]
[Black "Ghazarian, Kirk"]
[WhiteFideId "35009192"]
[BlackFideId "30908604"]
[WhiteElo "3151"]
[BlackElo "2739"]
[Result "1/2-1/2"]
[Round "3"]
[TimeControl "180+2"]
[Date "2023.07.04"]
[WhiteClock "0:00:07"]
[BlackClock "0:00:06"]
[Board "2"]

1. c4 e6 2. g3 d5 3. Bg2 Nf6 4. Nf3 dxc4 5. Qa4+ Bd7 6. Qxc4 c5 7. Ne5 Qc8 8. O-O Nc6 9. Nxd7 Qxd7 10. b3 Be7 11. Bb2 O-O 12. d3 Rac8 13. Nd2 Nd4 14. Rfe1 Rfd8 15. Rad1 b5 16. Qc1 Nd5 17. e3 Nc6 18. a3 h6 19. Ne4 Na5 20. Qc2 Qc7 21. h4 Nf6 22. Nxf6+ Bxf6 23. Bxf6 gxf6 24. Qc3 Kg7 25. Rc1 Qb6 26. b4 cxb4 27. Qxb4 Rxc1 28. Rxc1 Rxd3 29. Bf1 Rd5 30. Rc8 Rd8 31. Rxd8 Qxd8 32. Qxb5 Qc7 33. a4 Nb7 34. Qb4 a5 35. Qg4+ Kf8 36. Qd4 Qe5 37. Qb6 Nd6 38. Bd3 Kg7 39. Qc6 Nf5 40. Kg2 Qb2 41. Bxf5 exf5 42. Qc4 Qb4 43. Qf4 Kg6 44. Kf3 Qc5 45. Qd4 Qc6+ 46. Ke2 Qc2+ 47. Kf1 Qc1+ 48. Kg2 Qc6+ 49. Kh2 Qc2 50. Qf4 Kg7 51. Kg1 Qc1+ 52. Kg2 Qc6+ 53. Kh2 Qc2 54. h5 Kh7 55. Kh3 Kg7 56. g4 fxg4+ 57. Qxg4+ Kh7 58. f3 Qc1 59. Qe4+ Kg7 60. Kg2 Qd2+ 61. Kh3 Qc1 62. Qg4+ Kh7 63. Qe4+ Kg7 1/2-1/2


[Site "https://www.chess.com"]

[Event "Titled Tuesday Blitz July 4 Late 2023"]
[White "Mahdavi, Reza"]
[Black "Naroditsky, Daniel"]
[WhiteFideId "12595926"]
[BlackFideId "2026961"]
[WhiteElo "2739"]
[BlackElo "3146"]
[Result "1/2-1/2"]
[Round "3"]
[TimeControl "180+2"]
[Date "2023.07.04"]
[WhiteClock "0:01:07"]
[BlackClock "0:01:09"]
[Board "3"]

1. e4 Nf6 2. e5 Nd5 3. d4 d6 4. c4 Nb6 5. exd6 exd6 6. Nc3 Be7 7. Bd3 O-O 8. Nge2 c6 9. O-O Na6 10. b3 d5 11. c5 Nd7 12. Bf4 b6 13. cxb6 axb6 14. Rc1 Re8 15. Qd2 Nf8 16. Ng3 Ne6 17. Be3 Nb4 18. Bb1 c5 19. Nf5 Bf6 20. Rfd1 Nc6 21. Nb5 Ncxd4 22. Nbxd4 Nxd4 23. Nxd4 cxd4 24. Bxd4 Be6 1/2-1/2


[Site "https://www.chess.com"]

[Event "Titled Tuesday Blitz July 4 Late 2023"]
[White "Nihal Sarin"]
[Black "Fernandez Guillen, Ernesto J."]
[WhiteFideId "25092340"]
[BlackFideId "3512428"]
[WhiteElo "3128"]
[BlackElo "2730"]
[Result "1-0"]
[Round "3"]
[TimeControl "180+2"]
[Date "2023.07.04"]
[WhiteClock "0:00:15"]
[BlackClock "0:00:02"]
[Board "4"]

1. d4 Nf6 2. c4 e6 3. Nf3 Bb4+ 4. Nbd2 O-O 5. a3 Bxd2+ 6. Qxd2 b6 7. e3 Bb7 8. Be2 d6 9. O-O Nbd7 10. b4 Qe7 11. Bb2 Rad8 12. a4 e5 13. d5 Ne4 14. Qc2 f5 15. a5 Ndf6 16. axb6 axb6 17. Ra7 Rb8 18. Nd2 Nxd2 19. Qxd2 g5 20. f4 gxf4 21. exf4 Ne4 22. Qe3 b5 23. cxb5 Bxd5 24. b6 Rb7 25. fxe5 dxe5 26. Qd3 c6 27. Rxb7 Qxb7 28. Qe3 Qe7 29. h3 f4 30. Qf3 Rf6 31. Qg4+ Rg6 32. Qc8+ Kf7 33. Bh5 Qxb4 34. Qc7+ Kf8 35. Bxg6 hxg6 36. b7 1-0


[Site "https://www.chess.com"]

[Event "Titled Tuesday Blitz July 4 Late 2023"]
[White "Ozer, Omer Faruk"]
[Black "Firouzja, Alireza"]
[WhiteFideId "6354564"]
[BlackFideId "12573981"]
[WhiteElo "2728"]
[BlackElo "3105"]
[Result "1/2-1/2"]
[Round "3"]
[TimeControl "180+2"]
[Date "2023.07.04"]
[WhiteClock "0:00:41"]
[BlackClock "0:00:18"]
[Board "5"]

1. e4 c6 2. d4 d5 3. e5 Bf5 4. Nc3 e6 5. g4 Bg6 6. Nge2 h5 7. Nf4 Bh7 8. g5 Bf5 9. Bd3 Bxd3 10. Qxd3 g6 11. h4 Ne7 12. Nce2 Nd7 13. c3 c5 14. Be3 cxd4 15. cxd4 Nf5 16. Ng3 Qa5+ 17. Bd2 Bb4 18. Nxf5 gxf5 19. a3 Bxd2+ 20. Qxd2 Qxd2+ 21. Kxd2 Nf8 22. Rac1 Kd7 23. Rc3 Rc8 24. Rhc1 Rxc3 25. Rxc3 Ng6 26. Nxg6 fxg6 27. f4 a5 28. Rc5 Ra8 29. Kd3 Ra6 30. b3 Rb6 31. Kc3 Ra6 32. Kb2 Ra8 33. Rc3 Ra7 34. Rc2 Ra6 35. Rc5 Kd8 36. Rc2 Ra8 37. Rc5 Kd7 38. Rc3 b6 39. Rc2 Rb8 40. Rc3 Rb7 41. Rc2 Ra7 42. Rc3 Ra8 43. Rc2 Rc8 44. Rxc8 Kxc8 45. a4 Kc7 46. Kc3 Kb7 47. Kd3 Kc6 48. Kc3 b5 49. Kd3 b4 50. Kd2 Kb6 51. Kd3 Kb7 52. Ke3 Kb6 53. Kd3 Kb7 54. Ke3 Kb6 55. Kd3 1/2-1/2


[Site "https://www.chess.com"]

[Event "Titled Tuesday Blitz July 4 Late 2023"]
[White "Caruana, Fabiano"]
[Black "Ashraf, Artin"]
[WhiteFideId "2020009"]
[BlackFideId "22514805"]
[WhiteElo "3098"]
[BlackElo "2717"]
[Result "1-0"]
[Round "3"]
[TimeControl "180+2"]
[Date "2023.07.04"]
[WhiteClock "0:00:13"]
[BlackClock "0:00:01"]
[Board "6"]

1. c4 c5 2. g3 g6 3. Bg2 Bg7 4. Nc3 Nf6 5. e3 O-O 6. Nge2 Nc6 7. d4 cxd4 8. exd4 d5 9. cxd5 Nb4 10. O-O Nfxd5 11. Nf4 Nxf4 12. Bxf4 Qxd4 13. Qe2 e5 14. Rfd1 Qb6 15. Be3 Qa6 16. Qxa6 Nxa6 17. Nb5 e4 18. Bxe4 Bg4 19. Rd2 Rad8 20. Rc1 Rxd2 21. Bxd2 Bxb2 22. Rc2 Bg7 23. Bxb7 Nb8 24. Nxa7 Bf5 25. Rc1 Nd7 26. Nc6 Kh8 27. Re1 Nc5 28. Na5 Rd8 29. Bg5 Rb8 30. Bf4 Rd8 31. Bf3 Nd3 32. Rd1 Bd4 33. Be3 Bxe3 34. fxe3 Re8 35. e4 Ne5 36. exf5 Nxf3+ 37. Kg2 Ng5 38. Rd2 gxf5 39. Nc6 Ne4 40. Rc2 Kg7 41. a4 Ra8 42. a5 Ra6 43. Kf3 Kf6 44. Kf4 Ng5 45. Ke3 Ne6 46. Rc1 h6 47. Kd3 Ng5 48. Rc2 Nf3 49. Ke3 Ne5 50. Nxe5 Kxe5 51. Rc5+ Ke6 52. Rb5 Ke7 53. Kf4 Rd6 54. Kxf5 Rd2 55. Rb7+ Kf8 56. a6 Ra2 57. a7 Kg7 58. Ke5 Ra5+ 59. Kd6 Ra6+ 60. Kc7 Ra1 61. Kb8 Rc1 62. a8=Q Rf1 63. Qa3 1-0


[Site "https://www.chess.com"]

[Event "Titled Tuesday Blitz July 4 Late 2023"]
[White "Kushko, Dmitriy"]
[Black "Mamedov, Rauf"]
[WhiteFideId "14162261"]
[BlackFideId "13401653"]
[WhiteElo "2714"]
[BlackElo "3048"]
[Result "0-1"]
[Round "3"]
[TimeControl "180+2"]
[Date "2023.07.04"]
[WhiteClock "0:00:08"]
[BlackClock "0:00:55"]
[Board "7"]

1. Nf3 c5 2. g3 g6 3. Bg2 Bg7 4. c4 Nc6 5. Nc3 d6 6. a3 Nf6 7. Rb1 a5 8. d3 O-O 9. O-O e5 10. Ne1 h6 11. Nc2 Bd7 12. b4 axb4 13. axb4 cxb4 14. Nxb4 Nxb4 15. Rxb4 Bc6 16. Bd2 Re8 17. Qb3 e4 18. dxe4 Nxe4 19. Nxe4 Bxe4 20. Bxe4 Rxe4 21. Be3 Rc8 22. Rc1 d5 23. cxd5 Rxc1+ 24. Bxc1 Rxb4 25. Qxb4 Qxd5 26. Bb2 Bxb2 27. Qxb2 b5 28. h4 h5 29. Kh2 Qc4 30. Qe5 b4 31. f4 b3 32. f5 gxf5 33. Qxf5 Qxe2+ 34. Kg1 Qd1+ 0-1


[Site "https://www.chess.com"]

[Event "Titled Tuesday Blitz July 4 Late 2023"]
[White "Lazavik, Denis"]
[Black "Pulvett Marin, Daniel Eduardo"]
[WhiteFideId "13515110"]
[BlackFideId "3900410"]
[WhiteElo "3045"]
[BlackElo "2702"]
[Result "1-0"]
[Round "3"]
[TimeControl "180+2"]
[Date "2023.07.04"]
[WhiteClock "0:01:47"]
[BlackClock "0:00:02"]
[Board "8"]

1. d4 Nf6 2. c4 c5 3. d5 d6 4. Nc3 g6 5. e4 Bg7 6. Bd3 O-O 7. h3 e6 8. Nf3 Nbd7 9. O-O e5 10. a4 h6 11. Ra3 Nh7 12. Bb1 Ndf6 13. Ne2 Kh8 14. Ng3 Ng8 15. Nh2 h5 16. Kh1 h4 17. Ne2 f5 18. f4 Qe7 19. Raf3 fxe4 20. Bxe4 Bf5 21. Bxf5 Rxf5 22. fxe5 Rxe5 23. Nf4 Qe8 24. Ne6 Rxe6 25. dxe6 Qxe6 26. b3 Re8 27. Ng4 Ngf6 28. Nf2 Nd7 29. Re3 Ne5 30. Ng4 Qd7 31. Nxe5 Rxe5 32. Rxe5 Bxe5 33. Bf4 Kg7 34. Bxe5+ dxe5 35. Qxd7+ Kg8 36. Qf7+ Kh8 37. Rd1 1-0


[Site "https://www.chess.com"]

[Event "Titled Tuesday Blitz July 4 Late 2023"]
[White "Shuvalova, Polina"]
[Black "Bortnyk, Olexandr"]
[WhiteFideId "24171760"]
[BlackFideId "14120828"]
[WhiteElo "2696"]
[BlackElo "3028"]
[Result "0-1"]
[Round "3"]
[TimeControl "180+2"]
[Date "2023.07.04"]
[WhiteClock "0:00:02"]
[BlackClock "0:00:04"]
[Board "9"]

1. e4 Nf6 2. e5 Nd5 3. d4 d6 4. exd6 exd6 5. Nf3 Be7 6. Bd3 O-O 7. O-O Nb4 8. Be2 Bf5 9. Na3 Nd7 10. c3 Nc6 11. Nc2 Nf6 12. Bg5 h6 13. Bh4 Ne4 14. Bxe7 Nxe7 15. Ne3 Bh7 16. Bd3 c6 17. c4 Re8 18. Qc2 d5 19. Rfe1 Rc8 20. c5 Ng6 21. g3 Qf6 22. Kg2 Qe6 23. h4 f5 24. h5 Ne7 25. Ne5 f4 26. gxf4 Rf8 27. f3 Nf5 28. Nxf5 Qxf5 29. fxe4 Qxf4 30. Qe2 dxe4 31. Bc4+ Kh8 32. Qg4 Qf2+ 33. Kh1 Bf5 34. Qg2 Qxd4 35. Nf7+ Kh7 36. Rg1 e3 37. Qg3 Rce8 38. Rad1 Qxb2 39. Rd6 Be4+ 40. Rg2 Qxg2+ 41. Qxg2 Bxg2+ 42. Kxg2 e2 43. Bxe2 Rxe2+ 44. Kf1 Re7 45. Kg2 Rexf7 46. Rd2 Rf5 47. Rc2 Rg5+ 0-1


[Site "https://www.chess.com"]

[Event "Titled Tuesday Blitz July 4 Late 2023"]
[White "Bluebaum, Matthias"]
[Black "Papp, Levente"]
[WhiteFideId "24651516"]
[BlackFideId "751243"]
[WhiteElo "3022"]
[BlackElo "2695"]
[Result "1-0"]
[Round "3"]
[TimeControl "180+2"]
[Date "2023.07.04"]
[WhiteClock "0:00:11"]
[BlackClock "0:00:00"]
[Board "10"]

1. d4 e6 2. c4 b6 3. a3 Bb7 4. Nc3 f5 5. Bf4 Nf6 6. e3 Bd6 7. Bxd6 cxd6 8. d5 e5 9. Nf3 O-O 10. Be2 Qe7 11. O-O Na6 12. b4 Rac8 13. Nb5 Ne4 14. Nxa7 Rce8 15. Nb5 Kh8 16. Qc2 Rc8 17. Rad1 Nc7 18. Nxc7 Rxc7 19. Qb2 Ba6 20. Rc1 Rfc8 21. b5 Bb7 22. Nd2 Nc5 23. Nb3 Ra8 24. Nxc5 Rxc5 25. Qb4 Ra5 26. Rc3 Qd8 27. f4 exf4 28. Rxf4 Qf6 29. Rd3 Ra8 30. Qe1 Qe5 31. Qf2 g6 32. h4 Ra4 33. Rb3 Qa1+ 34. Kh2 Rxa3 35. Rxa3 Qxa3 36. e4 Qc3 37. exf5 Qe5 38. fxg6 Rc8 39. gxh7 Rf8 40. g3 Rxf4 41. gxf4 Qf6 42. Qg3 Kxh7 43. Bd3+ Kh8 44. Qg6 Qxh4+ 45. Kg2 Bxd5+ 46. Kf1 Qxf4+ 47. Ke2 Bf3+ 48. Ke1 Qh4+ 49. Kd2 Qh2+ 50. Kc1 Qf4+ 51. Kc2 Qh4 52. Qe8+ Kg7 53. Qxd7+ Kh6 54. Qh7+ Kg5 55. Qf5+ 1-0


[Site "https://www.chess.com"]

[Event "Titled Tuesday Blitz July 4 Late 2023"]
[White "Matinian, Nikita"]
[Black "Martinez Alcantara, Jose Eduardo"]
[WhiteFideId "24129100"]
[BlackFideId "3805662"]
[WhiteElo "2692"]
[BlackElo "3018"]
[Result "0-1"]
[Round "3"]
[TimeControl "180+2"]
[Date "2023.07.04"]
[WhiteClock "0:00:00"]
[BlackClock "0:00:21"]
[Board "11"]

1. e4 c5 2. Nf3 d6 3. d4 cxd4 4. Nxd4 a6 5. Nc3 e6 6. Be2 b5 7. a3 Bb7 8. g4 Nf6 9. f3 Nfd7 10. Be3 Nb6 11. h4 N8d7 12. Nb3 Rc8 13. Na5 Ba8 14. Qd2 Qc7 15. O-O-O Be7 16. h5 h6 17. Rhg1 d5 18. exd5 Nxd5 19. Nxd5 Bxd5 20. Kb1 Ne5 21. f4 Nf3 22. Bxf3 Bxf3 23. Bb6 Qb8 24. Qd7+ Kf8 25. f5 Re8 26. Bc7 Qc8 27. fxe6 Bxd1 28. Rxd1 fxe6 29. Qc6 Kg8 30. Rd7 Bf6 31. Nb7 Qa8 32. Qe4 a5 33. c3 b4 34. Qg6 Rf8 35. Nd6 Qh1+ 36. Ka2 Qd5+ 37. c4 b3+ 38. Kxb3 Qf3+ 39. Ka2 Qg2 40. Kb3 a4+ 41. Kxa4 Ra8+ 42. Ba5 Qc6+ 43. Nb5 Qxd7 0-1


[Site "https://www.chess.com"]

[Event "Titled Tuesday Blitz July 4 Late 2023"]
[White "Korobov, Anton"]
[Black "Nasuta, Grzegorz"]
[WhiteFideId "14105730"]
[BlackFideId "1141686"]
[WhiteElo "3012"]
[BlackElo "2692"]
[Result "1-0"]
[Round "3"]
[TimeControl "180+2"]
[Date "2023.07.04"]
[WhiteClock "0:02:30"]
[BlackClock "0:00:18"]
[Board "12"]

1. d4 d5 2. Nf3 Nf6 3. c4 c6 4. Nc3 dxc4 5. a4 Bf5 6. e3 e6 7. Bxc4 Bb4 8. O-O O-O 9. Qe2 Bg6 10. Ne5 Nbd7 11. Nxg6 hxg6 12. Rd1 Qe7 13. a5 a6 14. e4 e5 15. d5 cxd5 16. Nxd5 Nxd5 17. Bxd5 Nf6 18. Bg5 Rac8 19. h4 Qc7 20. Rac1 Qxa5 21. Rxc8 Rxc8 22. Bxf6 gxf6 23. Qg4 1-0


[Site "https://www.chess.com"]

[Event "Titled Tuesday Blitz July 4 Late 2023"]
[White "Tahbaz, Arash"]
[Black "Papasimakopoulos, Alexandros"]
[WhiteFideId "12528846"]
[BlackFideId "4244125"]
[WhiteElo "3003"]
[BlackElo "2687"]
[Result "1-0"]
[Round "3"]
[TimeControl "180+2"]
[Date "2023.07.04"]
[WhiteClock "0:00:13"]
[BlackClock "0:00:09"]
[Board "13"]

1. Nf3 f5 2. g3 Nf6 3. Bg2 g6 4. O-O Bg7 5. d4 O-O 6. c4 d6 7. Nc3 e6 8. Re1 Ne4 9. Qc2 Nxc3 10. bxc3 Nc6 11. e4 e5 12. Bg5 Qe8 13. exf5 gxf5 14. c5 e4 15. Bf4 dxc5 16. dxc5 Qe7 17. Nd4 Qxc5 18. Qb3+ Kh8 19. Nb5 Ne5 20. Be3 Qe7 21. Nd4 c5 22. Ne2 Be6 23. Qc2 Nd3 24. Reb1 b6 25. Nf4 Bc4 26. Bf1 Rad8 27. Rd1 Qd7 28. Rd2 Qf7 29. Rad1 Rd7 30. Nxd3 exd3 31. Bxd3 Bxd3 32. Rxd3 Rfd8 33. c4 Kg8 34. Bg5 Rxd3 35. Rxd3 Rxd3 36. Qxd3 h6 37. Be3 Qe6 38. a4 Kh7 39. g4 Kg6 40. Kf1 Qe4 41. gxf5+ Qxf5 42. Qe2 Qb1+ 43. Kg2 Qe4+ 44. Kg1 Kh7 45. Qf1 Qg4+ 46. Kh1 Qe4+ 47. Kg1 Bd4 48. Qe2 Bxe3 49. fxe3 Qg6+ 50. Kf2 Qf7+ 51. Kg3 Qg6+ 52. Qg4 Qd6+ 53. Qf4 Qg6+ 54. Kf3 Qg1 55. Qf7+ Kh8 56. Qe8+ Kg7 57. Qd7+ Kf6 58. Qd6+ Kg7 59. Qg3+ Qxg3+ 60. hxg3 Kf6 61. Kf4 Ke6 62. Ke4 h5 63. Kf4 Kf6 64. e4 a6 65. e5+ Ke6 66. Ke4 b5 67. cxb5 axb5 68. axb5 c4 69. b6 Kd7 70. e6+ Kd6 71. b7 Kc7 72. e7 c3 73. e8=Q Kxb7 74. Qb5+ Ka8 75. Qc4 h4 76. Qxc3 hxg3 77. Qxg3 Kb7 78. Qd6 Kc8 79. Kd5 Kb7 80. Qc6+ Ka7 81. Qb5 Ka8 82. Kc6 Ka7 83. Qb7# 1-0


[Site "https://www.chess.com"]

[Event "Titled Tuesday Blitz July 4 Late 2023"]
[White "Deac, Bogdan-Daniel"]
[Black "benny_aizenberg"]
[WhiteFideId "1226380"]
[WhiteElo "2998"]
[BlackElo "2686"]
[Result "1-0"]
[Round "3"]
[TimeControl "180+2"]
[Date "2023.07.04"]
[WhiteClock "0:01:20"]
[BlackClock "0:00:07"]
[Board "14"]

1. b3 e5 2. Bb2 Nc6 3. Nf3 e4 4. Nd4 Nxd4 5. Bxd4 d5 6. e3 Nf6 7. c4 Be7 8. Nc3 c6 9. cxd5 cxd5 10. f3 exf3 11. Qxf3 O-O 12. Bd3 Bg4 13. Qg3 Bh5 14. O-O Bg6 15. Bf5 Bd6 16. Qf3 Bxf5 17. Qxf5 Be7 18. Rf3 g6 19. Qe5 Qd6 20. Qxd6 1-0


[Site "https://www.chess.com"]

[Event "Titled Tuesday Blitz July 4 Late 2023"]
[White "Stoleriu, George"]
[Black "He, Anthony"]
[WhiteFideId "1227505"]
[BlackFideId "2088215"]
[WhiteElo "2666"]
[BlackElo "2980"]
[Result "1-0"]
[Round "3"]
[TimeControl "180+2"]
[Date "2023.07.04"]
[WhiteClock "0:00:12"]
[BlackClock "0:00:08"]
[Board "16"]

1. e4 c5 2. Nc3 g6 3. d4 Bg7 4. dxc5 Bxc3+ 5. bxc3 Qa5 6. Qd4 Nf6 7. Qb4 Qc7 8. Bd3 Nc6 9. Qc4 b6 10. cxb6 axb6 11. Bh6 Ba6 12. Qb3 Ng4 13. Bg7 Rg8 14. Bd4 b5 15. h3 Nge5 16. Ne2 Na5 17. Qb4 Nec6 18. Qb1 f6 19. O-O Kf7 20. a4 bxa4 21. Rxa4 e6 22. Qa2 Bb7 23. Ra1 Nxd4 24. cxd4 Nc6 25. Qb2 Rab8 26. Qc3 Rgc8 27. Rc4 Qd6 28. Kh1 Ne7 29. Rxc8 Rxc8 30. Qa3 Qc6 31. Rb1 Rc7 32. Qb3 Qd6 33. Qb4 Qxb4 34. Rxb4 f5 35. f3 Bc6 36. Kg1 Ra7 37. Kf2 Ra2 38. Nc3 Ra3 39. Nd1 Ra2 40. Ne3 Kf6 41. h4 h6 42. g4 fxe4 43. fxe4 h5 44. g5+ Kg7 45. Kg3 Ra1 46. Rb8 Rg1+ 47. Kf2 Rh1 48. Kg3 Rg1+ 49. Kh2 Re1 50. Ng2 Rc1 51. Kg3 Kf7 52. Nf4 Rg1+ 53. Kf2 Rh1 54. Kg3 Rg1+ 55. Kh2 Re1 56. d5 exd5 57. exd5 Ba4 58. d6 Nf5 59. Bxf5 gxf5 60. Nxh5 Bxc2 61. Nf6 Rd1 62. Nxd7 Rxd6 63. Ne5+ Ke6 64. Ng6 Rd2+ 65. Kg3 Rd3+ 66. Kf2 Rd2+ 67. Ke3 Rd3+ 68. Ke2 Rd4 69. Rb6+ Kd5 70. h5 f4 71. Ne7+ Kc5 72. Rf6 Bd3+ 73. Kf2 Rb4 74. g6 Rb2+ 75. Kf3 Be2+ 76. Kxf4 Bxh5 77. g7 Rb4+ 78. Kg5 Rg4+ 79. Kh6 Rh4 80. Kg5 Rg4+ 81. Kh6 Rh4 82. Nf5 Rh1 83. Kg5 Bf3 84. Ng3 Rg1 85. Kf4 Bd5 86. Rf5 Kd6 87. Rxd5+ Kxd5 88. g8=Q+ Kd4 89. Qd8+ Kc3 90. Kf3 Rc1 91. Ne2+ Kb3 92. Nxc1+ Ka4 93. Qb8 Ka5 94. Ke3 Ka6 95. Kd4 Ka5 96. Kc5 Ka4 97. Qb4# 1-0


[Site "https://www.chess.com"]

[Event "Titled Tuesday Blitz July 4 Late 2023"]
[White "Kollars, Dmitrij"]
[Black "Katz, Alexander"]
[WhiteFideId "12909572"]
[BlackFideId "2039796"]
[WhiteElo "2979"]
[BlackElo "2665"]
[Result "1-0"]
[Round "3"]
[TimeControl "180+2"]
[Date "2023.07.04"]
[WhiteClock "0:00:08"]
[BlackClock "0:00:06"]
[Board "17"]

1. d4 Nf6 2. Nf3 d5 3. c3 c6 4. Bf4 Bf5 5. Nh4 Bg6 6. Qb3 Qb6 7. Nxg6 hxg6 8. Nd2 Nbd7 9. e3 e6 10. c4 Qxb3 11. axb3 Bb4 12. Bd3 O-O 13. Ke2 a5 14. h4 Rfe8 15. Nf3 dxc4 16. bxc4 c5 17. Bc2 cxd4 18. exd4 Rac8 19. Bb3 e5 20. dxe5 Ng4 21. Ba4 Re7 22. Bxd7 Rxd7 23. b3 Bc3 24. Rad1 Re7 25. Rd5 a4 26. Rc1 Bb2 27. Rc2 a3 28. Ra5 f6 29. Bc1 Nxe5 30. Nxe5 Bxe5 31. Bxa3 Bd6+ 32. Kf3 Bxa3 33. Rxa3 Rd8 34. Rc3 Rd4 35. g3 Rd2 36. Re3 Red7 37. Ra5 Rb2 38. Kg2 Rdd2 39. Rf3 Rd7 40. Rb5 Kh7 41. c5 Kh6 42. b4 Rd4 43. Rf4 Rd7 44. Rb6 g5 45. hxg5+ Kxg5 46. Kh2 Rdd2 47. Kg2 Rd7 48. Kh3 Kg6 49. Kg4 Rb3 50. Re4 Rd5 51. f4 Rdd3 52. f5+ Kh6 53. Ree6 Rxg3+ 54. Kf4 Rgf3+ 55. Ke4 Rbe3+ 56. Kd4 Rd3+ 57. Kc4 Rc3+ 58. Kb5 Rxf5 59. Rxb7 Rb3 60. Kc6 Rf4 61. b5 g5 62. b6 g4 63. Rb8 g3 64. Rg8 Rf5 65. b7 Rg5 66. Rxg5 Kxg5 67. Re8 f5 68. b8=Q Rxb8 69. Rxb8 f4 70. Kd5 f3 71. c6 f2 72. Rg8+ Kf4 73. Rf8+ Ke3 74. c7 g2 75. c8=Q f1=Q 76. Qc5+ Kd2 77. Qd4+ Ke2 78. Re8+ Kf3 79. Qe3+ Kg4 80. Rg8+ Kh4 81. Qg3+ Kh5 82. Qg5# 1-0


[Site "https://www.chess.com"]

[Event "Titled Tuesday Blitz July 4 Late 2023"]
[White "Fantastic_Power"]
[Black "Indjic, Aleksandar"]
[BlackFideId "911925"]
[WhiteElo "2665"]
[BlackElo "2971"]
[Result "1/2-1/2"]
[Round "3"]
[TimeControl "180+2"]
[Date "2023.07.04"]
[WhiteClock "0:00:04"]
[BlackClock "0:00:09"]
[Board "18"]

1. e4 e5 2. Nf3 Nc6 3. Bc4 Nf6 4. d4 exd4 5. O-O Nxe4 6. Re1 d5 7. Bxd5 Qxd5 8. Nc3 Qd7 9. Nxe4 Be7 10. Bg5 O-O 11. Bxe7 Qxe7 12. Nxd4 Bd7 13. Nc3 Qd8 14. Re3 Nxd4 15. Qxd4 Be6 16. Rd1 Qxd4 17. Rxd4 Rfd8 18. Red3 Rxd4 19. Rxd4 c5 20. Rd2 Kf8 21. a3 Ke7 22. Ne4 b6 23. f3 h6 24. Kf2 g5 25. Nc3 Rd8 26. Rxd8 Kxd8 27. Ke3 Kd7 28. Ne4 f5 29. Nd2 f4+ 30. Ke2 Bf5 31. c3 Kd6 32. Kf2 Bd3 33. g3 Ke5 34. g4 Kd5 35. Kg2 a5 36. h4 b5 37. hxg5 hxg5 38. Nb3 Bc2 39. Nxa5 c4 40. Kf2 Kd6 41. Nb7+ Kd5 42. Na5 Bg6 43. Ke2 Kc5 44. Nb7+ Kc6 45. Na5+ Kb6 46. b4 Bc2 47. Kf2 Bd1 48. Kg2 Kc7 49. Kf2 Kb6 50. Kg2 Kc7 51. Kf2 Kb6 1/2-1/2


[Site "https://www.chess.com"]